Match 41431743
Unlisted

Match 41431743
End
Kettenkrad Recon Vehicle
Construct Infanterie Kompanie
Selects Terror Battlegroup
Selects Machine Gun Camouflage
MG 42 Machine Gun Team
MG 42 Machine Gun Team
Grenadier Squad
Construct Luftwaffe Kompanie
Flak 30 Anti-aircraft Gun Team
Medical Bunker
Jäger Squad
Luftwaffe Officer Quarters
Support Elements
Wirbelwind Flakpanzer
Selects Defend the Fatherland
Grenadier Squad
Pioneer Squad
Kettenkrad Recon Vehicle
Repair Bunker
Jäger Squad
Selects King Tiger Heavy Tank
Selects King Tiger Heavy Tank
King Tiger Heavy Tank
Wirbelwind Flakpanzer
Jäger Squad
Selects Contempt for the Weak
Selects Propaganda Leaflet Drop
Repair Bunker
Selects V1 Rocket Strike
Side Skirts
King Tiger Heavy Tank
MG 42 Bunker
Billy Mitchell
infernoVenom
Esxile
COHm4st3r
0
0

Comments sign in to comment!

No comments posted yet!